 Dungeon Crawl Stone Soup version 0.24.0-28-g17ded55e90 (webtiles) character file.

Game seed: 5514876951596073255, levelgen mode: deterministic

90676 Flugslaktarn the Severer (level 15, -5/140 HPs)
             Began as a Deep Dwarf Fighter on Nov 12, 2019.
             Was the Champion of Makhleb.
             Killed from afar by Mara (illusionary) (10 damage)
             ... with a bolt of fire
             ... on level 4 of the Spider Nest.
             The game lasted 00:16:49 (16264 turns).

Flugslaktarn the Severer (Deep Dwarf Fighter)      Turns: 16264, Time: 00:16:50

Health: -5/140     AC: 20    Str: 23 (26) XL:     15   Next: 52%
Magic:  12/12 (3)  EV: 10    Int:  6 (9)  God:    Makhleb [******]
Gold:   1927       SH: 13    Dex: 10 (14) Spells: 14/14 levels left

rFire    . . .     SeeInvis .   l - +8 broad axe
rCold    + . .     Gourm    .   c - +0 shield
rNeg     + + .     Faith    .   A - +2 chain mail {rC+}
rPois    +         Spirit   .   B - +0 helmet of Ethics {rN+}
rElec    .         Reflect  .   y - +0 cloak
rCorr    .         Harm     .   (no gloves)
MR       ++...     Clarity  +   x - +1 pair of boots
Stlth    ..........             p - amulet of rage
HPRegen  0.00/turn              F - ring "Fanashro" {MP+9 EV+2}
MPRegen  0.13/turn              o - ring of poison resistance

@: lethally poisoned (-5 -> -5), non-regenerating
A: damage resistance, heal wounds, agile 1, clarity, deterioration 1, negative
energy resistance 1, sense surroundings 2, MP-powered wands, no regeneration
a: Heal Wounds, Minor Destruction, Lesser Servant of Makhleb, Major Destruction,
Greater Servant of Makhleb, Renounce Religion, Evoke Berserk Rage


You were on level 4 of the Spider Nest.
You worshipped Makhleb.
Makhleb was exalted by your worship.
You were not hungry.

You visited 5 branches of the dungeon, and saw 25 of its levels.
You also visited: Gauntlet.

You collected 1927 gold pieces.

Inventory:

Hand Weapons
 l - a +8 broad axe (weapon)
   (You found it on level 2 of the Dungeon)
Armour
 c - a +0 shield (worn)
 x - a +1 pair of boots (worn)
   (You found it on level 10 of the Dungeon)
 y - a +0 cloak (worn)
   (You found it on level 10 of the Dungeon)
 A - a +2 chain mail of cold resistance (worn)
   (You took it off an orc warrior on level 1 of the Orcish Mines)
 B - the +0 helmet of Ethics (worn) {rN+}
   (You found it in a Gauntlet)

   It protects you from negative energy.
Jewellery
 j - a +3 ring of strength
   (You found it on level 2 of the Dungeon)
 n - an uncursed ring of positive energy
   (You found it on level 10 of the Dungeon)
 o - a ring of poison resistance (right hand)
   (You found it on level 2 of the Dungeon)
 p - an amulet of rage (around neck)
   (You found it on level 3 of the Lair of Beasts)
 u - the ring of Lijihac {MR++ EV+1}
   (You found it in a Gauntlet)

   [ring of evasion]

   It affects your evasion (+1).
   It affects your resistance to hostile enchantments.
 F - the ring "Fanashro" (left hand) {MP+9 EV+2}
   (You found it in a Gauntlet)

   [ring of evasion]

   It affects your evasion (+2).
   It affects your magic capacity (+9).
 H - an uncursed ring of flight {unknown}
   (You found it on level 3 of the Spider Nest)
Wands
 v - a wand of digging (19)
   (You found it on level 5 of the Dungeon)
 G - a wand of iceblast (12)
   (You found it on level 2 of the Spider Nest)
Scrolls
 a - 3 scrolls of immolation
 f - a scroll of vulnerability
 k - 4 scrolls of fog
 r - 3 scrolls of identify
 t - 6 scrolls of teleportation
 w - 7 scrolls of remove curse
 z - 3 scrolls of blinking
Potions
 b - 5 potions of flight
 d - a potion of might
 g - a potion of lignification {unknown}
 h - 3 potions of haste
 m - a potion of cancellation
 q - 3 potions of curing
 E - a potion of berserk rage {unknown}
 I - 4 potions of ambrosia
Miscellaneous
 s - a phantom mirror
 D - a box of beasts
Comestibles
 e - 39 rations
 C - 3 chunks of flesh


   Skills:
 + Level 10.9 Fighting
 * Level 16.8 Axes
 + Level 12.8 Armour
 + Level 12.7 Shields
 + Level 9.9 Invocations
 - Level 12.3 Evocations


You had 14 spell levels left.
You didn't know any spells.
Your spell library was empty.

Dungeon Overview and Level Annotations

Branches:
Dungeon (12/15)            Temple (1/1) D:5            Lair (6/6) D:8
  Swamp (0/4) Lair:2       Spider (4/4) Lair:3        Slime (0/5) Lair:5
    Orc (2/2) D:12        Gauntlet (visited)
    Elf: Orc:2

Altars:
Dithmenos
Hepliaklqana
Makhleb
Nemelex Xobeh
Qazlal
Sif Muna
Uskayaw
Vehumet
Wu Jian
Xom
Yredelemnul
Zin
Jiyva

Shops:
D:5 }   D:8 =

Portals:
Trove: D:12 (give horn of Geryon)

Annotations:
D:4 3 runed translucent doors, OleJ's ghost, amateur OpMo
D:6 3 runed translucent doors, Hyawatha's ghost, amateur DsAK
Lair:1 3 runed translucent doors, Oxzepn's ghost, journeyman BaCK
Spider:1 3 runed translucent doors, tilp's ghost, adept TeAE
Spider:4 Mara


Innate Abilities, Weirdness & Mutations

You are resistant to damage.
You can heal yourself by infusing magical energy.
You resist negative energy. (rN+)
You passively map the area around you.
You do not regenerate.
You are agile. (Dex +2)
You possess an exceptional clarity of mind.
Your body sometimes deteriorates upon taking damage.
You expend magic power (3 MP) to strengthen your wands.


Message History

Unknown command.
As you read the scroll of fear, it crumbles to dust.
You assume a fearsome visage.
Mara is unaffected. x2
Flugslaktarn's illusion looks frightened!
The spark wasp looks frightened!
The jumping spider looks frightened!
The jumping spider leaps!
Mara hits you from afar with a +5 demon trident of venom!!
* * * LOW HITPOINT WARNING * * *
Unknown command.
Unknown command.
The jumping spider leaps!
Mara points ostentatiously.
Flugslaktarn's illusion passes through a web.
Found 13 gold pieces. 2 orb spiders come into view.
The orb spider hisses angrily. x2
The orb spider begins to weave its threads into a brightly glowing ball.
Mara gestures at you. The bolt of fire hits you!
You die...

++ * ##..^...... *
,,.....s#### #........†. ,
,..^.......######.......†..
,,^...s...:.....^.......<...
,,
.......^..............#### ,
, ..........................
..........................
,,
,..........................
, .......^.@..^.#...........
.....^..^#....#^.......... ,
,.#......R#....#......<....
,*,,
#.......######........... ,
*#............##.^....^...
$............yR######.....
..........†.†.......#.....
,, ....................#
.... ,,
...#.......^....§...##,...


You could see Mara and 2 orb spiders.

Vanquished Creatures
  2 ghost moths
  2 entropy weavers
  A minotaur (Gauntlet)
  A spark wasp (Spider:3)
  Erica (D:8)
  A hydra (Lair:6)
  2 two-headed ogres
  Urug (Orc:1)
  A fire crab (Lair:6)
  Pikel (D:8)
  2 large abominations (Gauntlet)
  An orc knight (Orc:1)
  18 wolf spiders
  An orc sorcerer (Orc:1)
  10 orb spiders
  A manticore (D:11)
  An ugly thing (D:11)
  2 moths of wrath
  10 elephants
  2 torpor snails
  4 black mambas
  A gargoyle (D:11)
  8 spiny frogs
  3 rime drakes
  9 komodo dragons
  10 demonic crawlers
  8 polar bears (Lair:6)
  19 jumping spiders
  2 hornets (Spider:3)
  3 trolls
  4 hippogriffs
  6 blink frogs
  A bog body (Lair:2)
  Sigmund (D:5)
  36 tarantellas
  62 redbacks
  6 small abominations (Gauntlet)
  A wraith (D:11)
  A wyvern (D:11)
  3 basilisks
  40 yaks
  A hungry ghost (D:10)
  A swamp worm (Lair:2)
  3 wargs (Lair:6)
  16 hell hounds (Lair:6)
  2 soldier ants
  31 water moccasins
  4 ice beasts
  Duvessa (D:6)
  8 porcupines
  A hornet zombie (D:6)
  10 orc warriors
  2 phantoms
  4 slaves (D:8)
  4 sky beasts
  12 black bears
  8 ogres
  17 wolves
  11 centaurs
  15 crocodiles
  4 big kobolds
  13 bullfrogs
  Dowan (D:6)
  A wyvern zombie (D:11)
  2 scorpions
  14 wights
  3 howler monkeys (D:11)
  8 electric eels
  4 crimson imps
  2 jellies
  A bullfrog zombie (D:8)
  5 hounds
  9 orc priests
  6 iguanas
  A centaur skeleton (D:11)
  4 hell rats (Lair:4)
  12 orc wizards
  9 worker ants
  A hound zombie (D:10)
  2 hound skeletons
  A howler monkey zombie (D:8)
  5 mummies (D:10)
  A worker ant zombie (D:5)
  4 gnolls (D:10)
  22 adders
  A shadow imp (D:10)
  An adder zombie (D:10)
  A worm (D:4)
  A dart slug (D:1)
  4 leopard geckos
  52 orcs
  5 giant cockroaches
  9 goblins
  A hobgoblin (D:3)
  10 jackals
  20 kobolds
  3 quokkas
  2 bats
  2 frilled lizards (D:4)
  A leopard gecko zombie (D:5)
  A quokka skeleton (D:4)
  A quokka zombie (D:6)
  6 rats
  3 fungi
  5 plants
704 creatures vanquished.

Vanquished Creatures (collateral kills)
  An entropy weaver (Spider:1)
  A dire elephant (Gauntlet)
  4 hydras
  A polar bear (Lair:6)
  3 blink frogs (Lair:3)
  A raiju (Lair:6)
  A redback (Spider:1)
  4 tarantellas (Spider:1)
  A warg (Lair:6)
  2 black bears (Lair:6)
  3 wolves (Lair:6)
  A crocodile (Lair:2)
  2 plants
25 creatures vanquished.

Vanquished Creatures (others)
  A wolf spider (Spider:1)
  A tarantella (Spider:4)
  10 fungi
  11 plants (Lair:6)
23 creatures vanquished.

Grand Total: 752 creatures vanquished

Notes
Turn   | Place    | Note
-------+----------+-------------------------------------------
     0 | D:1      | Flugslaktarn the Deep Dwarf Fighter began the quest for the
                  | Orb.
     0 | D:1      | Reached XP level 1. HP: 20/20 MP: 1/1
    97 | D:1      | Reached XP level 2. HP: 27/27 MP: 2/2
   373 | D:2      | Reached skill level 3 in Axes
   373 | D:2      | Reached XP level 3. HP: 26/33 MP: 3/3
   462 | D:3      | Reached XP level 4. HP: 26/42 MP: 4/4
   490 | D:4      | Reached skill level 4 in Axes
   490 | D:4      | Reached XP level 5. HP: 46/49 MP: 5/5
   687 | D:4      | Noticed an ogre
   688 | D:4      | Noticed OleJ's ghost (amateur OpMo)
   697 | D:4      | Killed an ogre
   697 | D:4      | Reached XP level 6. HP: 35/57 MP: 6/6
   734 | D:4      | Reached skill level 5 in Axes
   957 | D:4      | Found a runed translucent gate.
   957 | D:4      | Found a runed translucent gate.
   957 | D:4      | Found a runed translucent gate.
  1157 | D:5      | Entered Level 5 of the Dungeon
  1207 | D:5      | Found a shimmering altar of Xom.
  1332 | D:5      | Found a stormy altar of Qazlal.
  1525 | D:5      | Found Feqif's Gadget Boutique.
  1538 | D:5      | Noticed Sigmund
  1570 | D:5      | Killed Sigmund
  1570 | D:5      | Reached skill level 5 in Armour
  1570 | D:5      | Reached skill level 5 in Shields
  1570 | D:5      | Reached XP level 7. HP: 44/64 MP: 5/5
  1582 | D:5      | Found a staircase to the Ecumenical Temple.
  1593 | Temple   | Entered the Ecumenical Temple
  1599 | Temple   | Became a worshipper of Makhleb the Destroyer
  1689 | D:5      | Reached skill level 6 in Axes
  1715 | D:5      | Found an ornate altar of the Wu Jian Council.
  1750 | D:5      | Found a hazy altar of Hepliaklqana.
  1776 | D:5      | Reached skill level 1 in Invocations
  1776 | D:5      | Reached skill level 1 in Evocations
  1981 | D:5      | Found a shimmering blue altar of Sif Muna.
  2093 | D:7      | Reached XP level 8. HP: 63/73 MP: 7/7
  2263 | D:7      | Reached skill level 7 in Axes
  2326 | D:7      | Reached * piety under Makhleb
  2419 | D:7      | Reached skill level 5 in Fighting
  2702 | D:7      | Found a flagged portal.
  2951 | D:6      | Gained mutation: You passively map the area around you.
                  | [Deep Dwarf growth]
  2951 | D:6      | Reached XP level 9. HP: 72/81 MP: 7/9
  3019 | D:6      | Noticed Duvessa
  3019 | D:6      | Noticed Dowan
  3036 | D:6      | Killed Duvessa
  3039 | D:6      | Killed Dowan
  3092 | D:6      | Found a runed translucent gate.
  3092 | D:6      | Found a runed translucent gate.
  3098 | D:6      | Found a runed translucent gate.
  3098 | D:6      | Noticed Hyawatha's ghost (amateur DsAK)
  3133 | D:6      | Reached skill level 8 in Axes
  3594 | D:8      | Noticed Erica
  3616 | D:8      | Killed Erica
  3616 | D:8      | Reached skill level 9 in Axes
  3616 | D:8      | Reached skill level 5 in Invocations
  3616 | D:8      | Reached skill level 5 in Evocations
  3792 | D:8      | Found Noenkeb's Jewellery Shoppe.
  3812 | D:8      | Found a radiant altar of Vehumet.
  3913 | D:8      | Found a staircase to the Lair.
  4012 | D:8      | Reached ** piety under Makhleb
  4208 | D:8      | Noticed Pikel
  4224 | D:8      | Killed Pikel
  4224 | D:8      | Reached XP level 10. HP: 47/91 MP: 10/10
  4353 | Lair:1   | Entered Level 1 of the Lair of Beasts
  4434 | Lair:1   | Noticed a spiny frog
  4441 | Lair:1   | Killed a spiny frog
  4525 | Lair:1   | Noticed a black mamba
  4555 | Lair:1   | HP: 4/91 [black mamba (10)]
  4586 | Lair:1   | Killed a black mamba
  5410 | D:10     | Entered Level 10 of the Dungeon
  5424 | D:10     | Reached skill level 10 in Axes
  5466 | D:10     | Reached *** piety under Makhleb
  5857 | D:10     | Noticed a two-headed ogre
  5869 | D:10     | Killed a two-headed ogre
  5936 | D:10     | HP: 2/92 [electric eel/bolt of electricity (13)]
  6391 | D:11     | Reached XP level 11. HP: 86/99 MP: 8/8
  6479 | D:11     | Reached **** piety under Makhleb
  6759 | D:11     | Noticed a cyan ugly thing
  6774 | D:11     | Killed a cyan ugly thing
  6814 | D:11     | Reached skill level 11 in Axes
  7400 | D:12     | Noticed a two-headed ogre
  7426 | D:12     | Killed a two-headed ogre
  7568 | D:12     | Found a portal to a secret trove of treasure.
  7632 | D:12     | Found a staircase to the Orcish Mines.
  7700 | Orc:1    | Entered Level 1 of the Orcish Mines
  7711 | Orc:1    | Noticed an orc knight
  7713 | Orc:1    | Reached ***** piety under Makhleb
  7723 | Orc:1    | Noticed an orc sorcerer
  7726 | Orc:1    | Noticed a sixfirhy
  7731 | Orc:1    | HP: 4/100 [troll[an orc knight] (8)]
  7744 | Orc:1    | Killed an orc sorcerer
  7756 | Orc:1    | Killed an orc knight
  7774 | Orc:1    | Noticed Urug
  7791 | Orc:1    | Killed Urug
  7791 | Orc:1    | Reached skill level 12 in Axes
  8214 | Orc:2    | Entered Level 2 of the Orcish Mines
  8218 | Orc:2    | Noticed an orc knight
  8229 | Orc:2    | Noticed an orc knight
  8236 | Orc:2    | Reached XP level 12. HP: 51/110 MP: 3/3
  8497 | Lair:1   | Found a runed translucent gate.
  8498 | Lair:1   | Found a runed translucent gate.
  8500 | Lair:1   | Found a runed translucent gate.
  8505 | Lair:1   | Noticed Oxzepn's ghost (journeyman BaCK)
  8952 | Lair:2   | Noticed an eight-headed hydra
  8967 | Lair:2   | Killed a ten-headed hydra
  8989 | Lair:2   | Gained mutation: You possess an exceptional clarity of
                  | mind. [potion of mutation]
  8989 | Lair:2   | Gained mutation: Your body sometimes deteriorates upon
                  | taking damage. [potion of mutation]
  8989 | Lair:2   | Gained mutation: You expend magic power (3 MP) to
                  | strengthen your wands. [potion of mutation]
  8989 | Lair:2   | Gained mutation: You are agile. (Dex +2) [potion of
                  | mutation]
  9011 | Lair:2   | Noticed a seven-headed hydra
  9022 | Lair:2   | Killed a seven-headed hydra
  9169 | Lair:2   | Reached skill level 10 in Evocations
  9400 | Lair:2   | Reached skill level 13 in Axes
  9431 | Lair:2   | Found a staircase to the Swamp.
  9516 | Lair:2   | Reached skill level 10 in Shields
  9540 | Lair:2   | Reached skill level 10 in Armour
 10159 | Lair:3   | Found a hole to the Spider Nest.
 10240 | Lair:3   | Found a hide-covered altar of Uskayaw.
 10272 | Lair:3   | Found a gate leading to a gauntlet.
 10289 | Gauntlet | Entered a Gauntlet
 10289 | Gauntlet | Found a transporter.
 10299 | Gauntlet | Found a transporter.
 10313 | Gauntlet | Found a runed translucent gate.
 10315 | Gauntlet | Found a transporter.
 10316 | Gauntlet | Found a runed translucent gate.
 10317 | Gauntlet | Found a runed translucent gate.
 10319 | Gauntlet | Found a transporter.
 10328 | Gauntlet | Noticed a hell hog
 10329 | Gauntlet | Found a transporter.
 10349 | Gauntlet | Noticed a death scarab
 10350 | Gauntlet | Noticed a death scarab
 10352 | Gauntlet | Found a transporter.
 10356 | Gauntlet | Found a transporter.
 10359 | Gauntlet | Noticed a blizzard demon
 10369 | Gauntlet | Found a transporter.
 10375 | Gauntlet | Found a large runed translucent door.
 10375 | Gauntlet | Found a large runed translucent door.
 10376 | Gauntlet | Found a large runed translucent door.
 10377 | Gauntlet | Found a large runed translucent door.
 10378 | Gauntlet | Found a runed translucent gate.
 10379 | Gauntlet | Found a transporter.
 10379 | Gauntlet | Found a runed translucent gate.
 10379 | Gauntlet | Noticed a dire elephant
 10380 | Gauntlet | Found a large runed translucent door.
 10380 | Gauntlet | Found a runed translucent gate.
 10381 | Gauntlet | Found a large runed translucent door.
 10381 | Gauntlet | Found a large runed translucent door.
 10382 | Gauntlet | Found a large runed translucent door.
 10383 | Gauntlet | Found a large runed translucent door.
 10392 | Gauntlet | Found a large runed translucent door.
 10392 | Gauntlet | Found a large runed translucent door.
 10392 | Gauntlet | Found a runed translucent door.
 10392 | Gauntlet | Found a runed translucent door.
 10393 | Gauntlet | Found a large runed translucent door.
 10394 | Gauntlet | Found a large runed translucent door.
 10396 | Gauntlet | Found a transporter.
 10400 | Gauntlet | Found a transporter.
 10403 | Gauntlet | Found a large runed translucent door.
 10403 | Gauntlet | Found a large runed translucent door.
 10408 | Gauntlet | Found a transporter.
 10432 | Gauntlet | Found a large runed translucent door.
 10503 | Gauntlet | Got a wavering amber ring
 10535 | Gauntlet | Killed a dire elephant
 10546 | Gauntlet | Got a steaming steel ring
 10551 | Gauntlet | Identified the ring of Lijihac {MR++ EV+1} (You found it in
                  | a Gauntlet)
 10553 | Gauntlet | Identified the ring "Fanashro" {MP+9 EV+2} (You found it in
                  | a Gauntlet)
 10568 | Gauntlet | Noticed a minotaur
 10581 | Gauntlet | Killed a minotaur
 10581 | Gauntlet | Reached XP level 13. HP: 64/118 MP: 2/2
 10603 | Gauntlet | Got a faintly glowing helmet
 10614 | Gauntlet | Identified the +0 helmet of Ethics {rN+} (You found it in a
                  | Gauntlet)
 12286 | Lair:5   | Reached skill level 14 in Axes
 12476 | Lair:5   | Found a staircase to the Slime Pits.
 12476 | Lair:5   | Found a viscous altar of Jiyva.
 13032 | Lair:6   | Entered Level 6 of the Lair of Beasts
 13269 | Lair:6   | Reached ****** piety under Makhleb
 13810 | Lair:6   | Gained mutation: You resist negative energy. (rN+) [Deep
                  | Dwarf growth]
 13810 | Lair:6   | Reached XP level 14. HP: 117/130 MP: 2/2
 13827 | Lair:6   | Reached skill level 15 in Axes
 14206 | Spider:1 | Entered Level 1 of the Spider Nest
 14329 | Spider:1 | Noticed an entropy weaver
 14339 | Spider:1 | Killed an entropy weaver
 14339 | Spider:1 | Reached skill level 10 in Fighting
 14369 | Spider:1 | Noticed tilp's ghost (adept TeAE)
 14371 | Spider:1 | Noticed an entropy weaver
 14381 | Spider:1 | Found a runed translucent gate.
 14381 | Spider:1 | Found a runed translucent gate.
 14381 | Spider:1 | Found a runed translucent gate.
 14383 | Spider:1 | Noticed an emperor scorpion
 14597 | Spider:1 | Noticed an entropy weaver
 14616 | Spider:1 | Killed an entropy weaver
 14890 | Spider:2 | Reached skill level 16 in Axes
 15197 | Spider:3 | Noticed an entropy weaver
 15229 | Spider:2 | Reached XP level 15. HP: 46/140 MP: 2/4
 15413 | Spider:3 | Killed a ghost moth
 15839 | Spider:4 | Entered Level 4 of the Spider Nest
 15951 | Spider:4 | Killed a ghost moth
 16231 | Spider:4 | Noticed Mara
 16258 | Spider:4 | Noticed Flugslaktarn's illusion
 16259 | Spider:4 | HP: 5/140 [Mara (illusionary)/+5 demon trident of venom
                  | (19)]
 16264 | Spider:4 | Killed from afar by Mara (illusionary)

Levels and vault maps discovered:
D:1:      eino_arrival_cavern_a, layout_loops_ring
D:2:      layout_loops_ring, first_ration, item_on_display_b
D:3:      layout_basic
D:4:      layout_cave_pods, gammafunk_ghost_split
D:5:      layout_basic, nicolae_overflow_hidden_temple, led_sif_pool,
          minmay_temple_entry_nine_rooms, serial_shops, shop, uniq_sigmund
D:6:      layout_basic, gammafunk_ghost_necromancy, uniq_duvessa
D:7:      layout_basic, enter_bailey_3
D:8:      layout_cave_pods, nicolae_overflow_crystal_walls, dpeg_oklobed_lair,
          serial_shops, nicolae_shop_competitors_out_of_business, uniq_pikel,
          uniq_erica
D:9:      layout_basic
D:10:     layout_basic, serial_undead, serial_undead_e, serial_undead_f,
          serial_undead_d, serial_undead_c
D:11:     minmay_general_purpose_star, layout_basic
D:12:     layout_rooms, orc_0_dummy, nicolae_trove_entry_free_sample
Temple:   eino_temple_rhombus
Lair:1:   layout_regular_city, ebering_ghost_rock_garden, guppyfry_lair_drakes,
          lemuel_fruit_tree
Lair:2:   layout_loops_ring, nicolae_swamp_entry_splash_gauntlet,
          grunt_megastairs_1, infiniplex_staircase_pool
Lair:3:   lemuel_reptile_caves, layout_gridlike, spider_nest_entry_web_field,
          basic_altar, gauntlet_entry_generic
Lair:4:   layout_cave_pods, serial_bayou_pond_d, grunt_megastairs_5
Lair:5:   layout_regular_city, slime_altar_1, serial_forest,
          infiniplex_forest_lined_1, infiniplex_forest_lined_corner,
          infiniplex_forest_clump_diagonal, infiniplex_forest_3_way,
          infiniplex_forest_end_3, infiniplex_forest_lined_3_way,
          infiniplex_forest_join, st_stairs_12
Lair:6:   hangedman_lair_caniforms_friends, layout_loops_ring
Spider:1: layout_spider_delve, gammafunk_ghost_split,
          einodemon_crawler_minivault
Spider:2: layout_spider_delve
Spider:3: layout_spider_delve, drop_trap
Spider:4: spider_rune_water, spiders_nest_ghost_moth_duel, uniq_mara
Orc:1:    layout_caves, uniq_urug
Orc:2:    st_orc_rangers, layout_caves, nicolae_orc_lava_room

Skill      XL: |  1  2  3  4  5  6  7  8  9 10 11 12 13 14 15 |
---------------+----------------------------------------------+-----
Axes           | 3 4 5 6 7 9 10 12 13 14 16 | 16.8
Fighting       | 3 4 5 6 7 8 9 10 | 10.9
Armour         | 4 5 6 7 8 9 10 11 12 | 12.8
Shields        | 4 5 6 7 8 9 10 11 12 | 12.7
Invocations    | 1 3 5 7 8 9 |  9.9
Evocations     | 1 4 5 7 9 10 11 12 | 12.3

Action                   |  1- 3 |  4- 6 |  7- 9 | 10-12 | 13-15 || total
-------------------------+-------+-------+-------+-------+-------++-------
Melee: War axe           |    43 |       |       |       |       ||    43
       Broad axe         |    45 |   209 |   280 |   915 |  1113 ||  2562
Invok: Minor Destruction |       |       |       |     3 |     2 ||     5
       Lesser Servant of |       |       |       |     6 |     7 ||    13
       Major Destruction |       |       |       |       |     1 ||     1
 Abil: Heal Wounds       |       |    11 |    10 |    58 |     8 ||    87
Evoke: Wand              |       |       |       |    16 |     5 ||    21
       Sack of spiders   |       |       |       |     1 |       ||     1
  Use: Scroll            |       |       |       |    20 |    11 ||    31
       Potion            |       |       |       |    16 |       ||    16
 Stab: Paralysed         |       |       |       |    19 |       ||    19
       Distracted        |       |       |       |     1 |     3 ||     4
  Eat: Chunk             |       |     3 |     6 |    19 |    20 ||    48
       Ration            |       |       |     1 |     3 |       ||     4
Armor: Scale mail        |    55 |    97 |    45 |       |       ||   197
       Chain mail        |       |       |   102 |   458 |   744 ||  1304
Dodge: Dodged            |    44 |    66 |    86 |   296 |   478 ||   970
Block: Shield            |    54 |   124 |   153 |   659 |   943 ||  1933
